 Dungeon Crawl Stone Soup version 0.23.2-1-ga50397a (webtiles) character file.

Game seed: 17870644713941801061

289 Pekop the Skirmisher (level 6, -2/48 HPs)
             Began as a Human Fighter on May 2, 2019.
             Slain by Grinder (4 damage)
             ... while paralysed by Grinder
             ... on level 4 of the Dungeon.
             The game lasted 00:25:23 (4380 turns).

Pekop the Skirmisher (Human Fighter)                Turns: 4380, Time: 00:25:24

Health: -2/48      AC:  7    Str: 19    XL:     6   Next: 58%
Magic:  6/6        EV:  2    Int:  8    God:
Gold:   246        SH:  0    Dex: 12    Spells: 5/5 levels left

rFire    . . .     SeeInvis .   a - +0 long sword
rCold    . . .     Gourm    .   c - +0 shield
rNeg     . . .     Faith    .   b - +0 scale mail
rPois    .         Spirit   .   (no helmet)
rElec    .         Reflect  +   (no cloak)
rCorr    .         Harm     .   (no gloves)
MR       .....                  (no boots)
Stlth    ..........             p - +2 amulet of reflection
HPRegen  0.16/turn              (no ring)
MPRegen  0.10/turn              (no ring)

@: paralysed
A: no striking features
a: no special abilities


You were on level 4 of the Dungeon.
You were not hungry.

You visited 1 branch of the dungeon, and saw 5 of its levels.

You collected 246 gold pieces.

Inventory:

Hand Weapons
 a - a +0 long sword (weapon)
 q - a +0 hunting sling
Missiles
 e - 58 stones (quivered)
Armour
 b - a +0 scale mail (worn)
 c - a +0 shield (worn)
Jewellery
 p - a +2 amulet of reflection (around neck)
 r - a +4 ring of strength {unknown}
 u - an uncursed amulet of magic regeneration {unknown}
 x - an uncursed ring of wizardry {unknown}
Scrolls
 h - 2 scrolls of magic mapping {unknown}
 i - 6 scrolls of identify
 j - a scroll of random uselessness {unknown}
 k - 2 scrolls of fog {unknown}
 l - 3 scrolls of teleportation
 o - 3 scrolls of remove curse {unknown}
 t - 2 scrolls of immolation {unknown}
Potions
 d - a potion of mutation {unknown}
 g - a potion of haste
 n - 3 potions of curing
 s - a potion of agility {unknown}
 v - 2 potions of flight {unknown}
Comestibles
 f - 4 rations
 w - 2 chunks of flesh


   Skills:
 + Level 4.3 Fighting
 + Level 3.7 Long Blades
 + Level 3.9 Armour
 + Level 2.0 Dodging
 + Level 3.8 Shields


You had 5 spell levels left.
You didn't know any spells.
Your spell library was empty.

Dungeon Overview and Level Annotations

Branches:
Dungeon (5/15)
 Temple: D:4-7

Altars:
Ashenzari

Annotations:
D:2 1 runed translucent door, Crazy Yiuf
D:4 Grinder


Message History

You slash Grinder!
Grinder is almost dead.
Grinder hits you.
* * * LOW HITPOINT WARNING * * *
You writhe in agony.
* * * LOW HITPOINT WARNING * * *
You closely miss Grinder.
Grinder is almost dead.
Grinder blinks!
Throwing (i - inventory)
e - 59 stones (quivered)
Press: ? - help, Shift-Dir - straight line, f/p - Grinder
Aim: Grinder (almost dead)
You throw a stone. The stone hits Grinder.
Grinder is almost dead.
Grinder gestures at you.
You suddenly lose the ability to move!
Grinder hits you!
* * * LOW HITPOINT WARNING * * *
You writhe in agony.
You die...

#.......'...# #..
#.......#...## ###
#.......#....#
#.....###.####
#.....#....#
#####.....#....#
#...#.....#...#######
###
#...#######(........#
#..
#.....(.5@(....#....#
#..
#.......((.....#....#
#..
#...##.(######+#....#
#.. #...##..# ######
#.. #.......# ....
#.. #.......# ...##
#.. #.......# ....#
#.. #...###+# ....#
#..
#...##..###.####...##
##.


You could see Grinder.

Vanquished Creatures
  A howler monkey (D:4)
  A centaur skeleton (D:4)
  Jessica (D:2)
  Natasha (thrice) (D:2)
  5 adders
  A worm (D:2)
  2 dart slugs
  4 leopard geckos
  3 orcs
  A ball python (D:3)
  4 giant cockroaches
  4 goblins
  2 hobgoblins (D:3)
  6 jackals
  A quokka (D:3)
  8 bats
  6 frilled lizards
  8 kobolds
  11 rats
72 creatures vanquished.

Notes
Turn   | Place    | Note
-------+----------+-------------------------------------------
     0 | D:1      | Pekop the Human Fighter began the quest for the Orb.
     0 | D:1      | Reached XP level 1. HP: 18/18 MP: 1/1
   116 | D:1      | Reached XP level 2. HP: 20/24 MP: 2/2
   599 | D:1      | Reached XP level 3. HP: 28/29 MP: 3/3
   967 | D:2      | Noticed Natasha
   979 | D:2      | Killed Natasha
   979 | D:2      | Reached skill level 1 in Dodging
   979 | D:2      | Reached XP level 4. HP: 21/35 MP: 4/4
  1382 | D:2      | Found a runed translucent door.
  1383 | D:2      | Noticed Crazy Yiuf
  1794 | D:2      | Noticed Jessica
  1806 | D:2      | Killed Jessica
  1806 | D:2      | Reached XP level 5. HP: 13/42 MP: 5/5
  2277 | D:3      | Found a shattered altar of Ashenzari.
  2316 | D:2      | Noticed Natasha
  2330 | D:2      | Killed Natasha
  2545 | D:2      | Noticed Natasha
  2555 | D:2      | Killed Natasha
  2555 | D:2      | Reached skill level 4 in Fighting
  2873 | D:3      | Reached XP level 6. HP: 47/48 MP: 6/6
  3596 | D:5      | Entered Level 5 of the Dungeon
  4307 | D:4      | Noticed Grinder
  4329 | D:4      | Paralysed by Grinder for 4 turns
  4341 | D:4      | Paralysed by Grinder for 4 turns
  4369 | D:4      | Paralysed by Grinder for 4 turns
  4377 | D:4      | Paralysed by Grinder for 5 turns
  4380 | D:4      | HP: 2/48 [Grinder (8)]
  4380 | D:4      | Slain by Grinder

Skill      XL: |  1  2  3  4  5  6 |
---------------+-------------------+-----
Dodging        | 1 2 |  2.0
Long Blades    | 3 |  3.7
Fighting       | 4 |  4.3
Armour         | |  3.9
Shields        | |  3.8

Action                   |  1- 3 |  4- 6 || total
-------------------------+-------+-------++-------
Melee: Long sword        |    80 |   194 ||   274
Throw: Stone             |    30 |    41 ||    71
       Tomahawk          |       |     6 ||     6
  Use: Scroll            |     2 |     2 ||     4
       Potion            |       |     1 ||     1
  Eat: Chunk             |       |     9 ||     9
       Ration            |       |     1 ||     1
Armor: Scale mail        |    28 |    51 ||    79
Dodge: Dodged            |    15 |    45 ||    60
Block: Shield            |    39 |   118 ||   157
       Reflection        |       |     1 ||     1
       Rpst.: Long sword |     4 |    14 ||    18
